 Dungeon Crawl Stone Soup version 0.26-a0-710-g95a0c6c400 (webtiles) character file.

Game seed: 10572286744327069024

23798 robertstho the Severer (level 12, 0/110 HPs)
             Began as a Minotaur Berserker on Oct 30, 2020.
             Was a High Priest of Trog.
             Slain by a wolf spider simulacrum (3 damage)
             ... in an ice cave.
             The game lasted 00:16:47 (12565 turns).

robertstho the Severer (Minotaur Berserker)        Turns: 12565, Time: 00:16:48

Health: 0/110      AC: 19    Str: 24    XL:     12   Next: 75%
Magic:  11/11      EV: 12    Int:  5    God:    Trog [*****.]
Gold:   851        SH: 17    Dex: 10    Spells: 11/11 levels left

rFire    x . .     SeeInvis .   E - +1 war axe (venom)
rCold    + . .     Faith    .   j - +0 kite shield
rNeg     . . .     Spirit   .   b - +0 plate armour
rPois    .         Reflect  +   (helmet restricted)
rElec    .         Harm     .   (no cloak)
rCorr    .         Rampage  .   k - +0 pair of gloves
MR       ++...                  x - +1 pair of boots
Stlth    ..........             C - amulet of reflection
HPRegen  1.28/turn              h - +4 ring of evasion
MPRegen  0.12/turn              r - ring of ice

@: berserk cooldown, regenerating, slowed, very slow
A: retaliatory headbutt, horns 2, clumsy 1
a: Berserk, Trog's Hand, Brothers in Arms, Renounce Religion


You were in an ice cave.
You worshipped Trog.
Trog was extremely pleased with you.
You visited 3 branches of the dungeon, and saw 16 of its levels.
You also visited: Ice Cave.

You collected 1065 gold pieces.
You spent 214 gold pieces at shops.

Inventory:

Hand Weapons
 n - a +2 scimitar of flaming
 E - a +1 war axe of venom (weapon)
 F - a +2 war axe of chaos
Missiles
 e - 17 poisoned darts (quivered)
Armour
 b - a +0 plate armour (worn)
 j - a +0 kite shield (worn)
 k - a +0 pair of gloves (worn)
 x - a +1 pair of boots (worn)
Jewellery
 h - a +4 ring of evasion (left hand)
 q - an uncursed ring of flight
 r - a ring of ice (right hand)
 C - an amulet of reflection (around neck)
Wands
 f - a wand of flame (29)
 o - a wand of digging (3)
 t - a wand of disintegration (35)
 y - a wand of iceblast (10)
Scrolls
 a - 9 scrolls of remove curse
 c - 3 scrolls of blinking
 d - 3 scrolls of enchant armour
 g - 2 scrolls of immolation
 i - 14 scrolls of teleportation
 H - 2 scrolls of fear {unknown}
Potions
 l - a potion of haste
 p - 2 potions of magic
 s - 2 potions of resistance
 u - 3 potions of flight
 v - 2 potions of stabbing
 w - a potion of ambrosia
 z - a potion of lignification
 A - 2 potions of cancellation
 B - 4 potions of curing
 D - a potion of invisibility
 G - a potion of mutation


   Skills:
 + Level 11.5 Fighting
 + Level 2.6 Long Blades
 + Level 16.1 Axes
 + Level 12.2 Armour
 + Level 3.5 Dodging
 + Level 1.5 Stealth
 + Level 9.7 Shields


You had 11 spell levels left.
You didn't know any spells.
Your spell library was empty.

Dungeon Overview and Level Annotations

Branches:
Dungeon (12/15)            Temple (0/1) D:5            Lair (2/6) D:8
  Swamp (0/4) Lair:2        Snake (0/4) Lair:2          Orc (2/2) D:11
    Elf (0/3) Orc:2         IceCv (1/1)

Altars:
Cheibriados
Elyvilon
Nemelex Xobeh
Okawaru
Xom

Shops:
Orc:2 =

Portals:
Trove: D:10 (give horn of Geryon)

Annotations:
Lair:2 exclusion: oklob plant


Innate Abilities, Weirdness & Mutations

You reflexively headbutt those who attack you in melee.
You have a pair of horns on your head.
You are clumsy. (Dex -2)


Message History

You block the wolf spider simulacrum's attack.
The death yak simulacrum barely misses you.
The wolf spider simulacrum closely misses you.
You furiously retaliate!
You headbutt the wolf spider simulacrum!
The wolf spider simulacrum bites you but does no damage.
The death yak simulacrum gores you.
* * * LOW HITPOINT WARNING * * *
The death yak simulacrum freezes you! You resist.
* * * LOW HITPOINT WARNING * * *
You feel much better.
You block the wolf spider simulacrum's attack. x2
The death yak simulacrum gores you!
* * * LOW HITPOINT WARNING * * *
The death yak simulacrum freezes you!! You resist.
* * * LOW HITPOINT WARNING * * *
You block the death yak simulacrum's attack.
The wolf spider simulacrum closely misses you.
The wolf spider simulacrum bites you.
You die...

#####
##...##
##..@..##
#..ZZZ..#
#...∩...#
##.....##
##...##
#...#
##...
#...#
...##


You could see 2 death yak simulacra and a wolf spider simulacrum.

Vanquished Creatures
  Fannar (Orc:1)
  The ghost of robertstho the Frost Mage, a journeyman GnIE of Sif Muna (Lair:1)
  3 hydras
  The ghost of Zenkrye the Slinger, a journeyman HaHu of Okawaru (D:10)
  Erica (Orc:1)
  2 two-headed ogres (D:12)
  A dancing weapon (Lair:1)
  An unseen horror (D:11)
  An orc sorcerer (Orc:2)
  A manticore (D:11)
  A guardian serpent (Lair:2)
  A black mamba (Lair:1)
  2 cane toads (Lair:2)
  A centaur zombie (D:11)
  A gargoyle (D:11)
  2 ice devils (Lair:2)
  4 trolls
  Grinder (D:5)
  9 slime creatures (D:12)
  2 bog bodies (Lair:2)
  A wraith (D:12)
  2 wyverns
  9 yaks
  3 neqoxecs (D:10)
  2 basilisks (Lair:1)
  4 swamp worms (Lair:2)
  An acid dragon (D:12)
  6 water moccasins
  A swamp drake (D:11)
  2 ice beasts
  8 orc warriors
  2 sky beasts
  An alligator simulacrum (IceCv)
  2 necrophages
  6 wolves (Lair:1)
  6 ogres
  8 centaurs
  A big kobold (D:10)
  A gnoll sergeant (D:8)
  14 bullfrogs
  5 scorpions
  3 killer bees (D:7)
  5 wights (D:12)
  An electric eel (Lair:2)
  3 bullfrog zombies
  7 hounds
  A jelly (D:10)
  2 quasits (D:10)
  2 centaur skeletons
  7 orc priests
  11 orc wizards
  8 worker ants
  4 hell rats (Lair:2)
  2 iguanas
  11 gnolls
  A howler monkey zombie (D:10)
  2 river rats (D:11)
  9 adders
  A shadow imp (D:7)
  5 ufetubi
  An adder zombie (D:7)
  An adder skeleton (D:7)
  2 worms
  4 leopard geckos
  37 orcs
  4 bats
  3 giant cockroaches
  5 goblins
  A hobgoblin (D:1)
  3 quokkas
  A ball python (D:2)
  3 frilled lizards
  A jackal skeleton (D:6)
  8 kobolds
  8 rats
289 creatures vanquished.

Vanquished Creatures (collateral kills)
  An orc knight (Orc:2)
  An orc warrior (Orc:2)
  An ogre (Orc:2)
3 creatures vanquished.

Vanquished Creatures (others)
  An orc priest (D:11)
  6 fungi
  5 plants
12 creatures vanquished.

Grand Total: 304 creatures vanquished

Notes
Turn   | Place    | Note
-------+----------+-------------------------------------------
     0 | D:1      | robertstho the Minotaur Berserker began the quest for the
                  | Orb.
     0 | D:1      | Reached XP level 1. HP: 19/19 MP: 0/0
   704 | D:2      | Reached skill level 4 in Axes
   704 | D:2      | Reached XP level 2. HP: 26/27 MP: 1/1
   717 | D:2      | Found a shimmering altar of Xom.
  1154 | D:3      | Reached ** piety under Trog
  1171 | D:3      | Found an iron altar of Okawaru.
  1183 | D:3      | Reached XP level 3. HP: 33/33 MP: 2/2
  1436 | D:3      | Reached skill level 5 in Axes
  1436 | D:3      | Reached XP level 4. HP: 40/41 MP: 3/3
  1540 | D:3      | Reached XP level 5. HP: 47/47 MP: 4/4
  1974 | D:4      | Reached skill level 6 in Axes
  2192 | D:5      | Entered Level 5 of the Dungeon
  2453 | D:5      | Noticed Grinder
  2454 | D:5      | Found a staircase to the Ecumenical Temple.
  2462 | D:5      | Killed Grinder
  2462 | D:5      | Reached skill level 5 in Fighting
  2462 | D:5      | Reached skill level 1 in Shields
  2462 | D:5      | Reached XP level 6. HP: 48/56 MP: 5/5
  2598 | D:5      | Reached skill level 5 in Armour
  2598 | D:5      | Reached XP level 7. HP: 47/61 MP: 6/6
  3037 | D:6      | Reached skill level 7 in Axes
  3225 | D:6      | Found a snail-covered altar of Cheibriados.
  3414 | D:6      | Found Afawaop's Magic Scroll Shop.
  3545 | D:6      | Bought a scroll of random uselessness for 13 gold pieces
  3545 | D:6      | Bought a scroll of teleportation for 39 gold pieces
  3545 | D:6      | Bought a scroll of teleportation for 39 gold pieces
  3545 | D:6      | Bought a scroll of blinking for 97 gold pieces
  3545 | D:6      | Bought a scroll of identify for 26 gold pieces
  3667 | D:6      | You fall into a shaft and drop 3 floors!
  3744 | D:8      | Reached skill level 8 in Axes
  3886 | D:8      | Reached XP level 8. HP: 61/69 MP: 7/7
  3892 | D:8      | Found a shimmering altar of Xom.
  3892 | D:8      | Found a shimmering altar of Xom.
  3892 | D:8      | Found a shimmering altar of Xom.
  3892 | D:8      | Found a shimmering altar of Xom.
  3900 | D:8      | Found a shimmering altar of Xom.
  3975 | D:8      | Reached *** piety under Trog
  4067 | D:8      | Reached skill level 9 in Axes
  4338 | D:8      | Found a staircase to the Lair.
  4876 | D:7      | Reached skill level 10 in Axes
  4994 | D:7      | Reached XP level 9. HP: 78/78 MP: 8/8
  6241 | D:9      | Found a white marble altar of Elyvilon.
  6433 | D:9      | Reached **** piety under Trog
  6909 | D:10     | Entered Level 10 of the Dungeon
  6917 | D:10     | Found a transporter.
  6918 | D:10     | Noticed Zenkrye's ghost (journeyman HaHu)
  6927 | D:10     | Found a transporter.
  6937 | D:10     | Reached skill level 11 in Axes
  7224 | D:10     | Reached skill level 5 in Shields
  7405 | D:10     | Found a sparkling altar of Nemelex Xobeh.
  7435 | D:10     | Found a portal to a secret trove of treasure.
  7862 | D:11     | Noticed a troll
  7869 | D:11     | Killed a troll
  7869 | D:11     | Reached skill level 12 in Axes
  7869 | D:11     | Reached XP level 10. HP: 56/85 MP: 9/9
  8009 | D:11     | Noticed a manticore
  8022 | D:11     | Killed a manticore
  8299 | D:11     | Noticed a gargoyle
  8314 | D:11     | Killed a gargoyle
  8570 | D:11     | Killed an unseen horror
  8671 | D:11     | Reached skill level 10 in Armour
  8701 | D:11     | Found a staircase to the Orcish Mines.
  8883 | D:12     | Reached skill level 13 in Axes
  8884 | D:12     | Reached ***** piety under Trog
  8887 | D:12     | Reached skill level 1 in Stealth
  9014 | D:12     | Reached XP level 11. HP: 70/94 MP: 10/10
  9261 | D:12     | Noticed a two-headed ogre
  9278 | D:12     | Killed a two-headed ogre
  9278 | D:12     | Reached skill level 14 in Axes
  9468 | D:12     | Noticed a two-headed ogre
  9478 | D:12     | Killed a two-headed ogre
  9683 | D:12     | Received a gift from Trog
  9918 | D:10     | Gained mutation: You are clumsy. (Dex -2) [a neqoxec]
  9944 | D:10     | Killed Zenkrye's ghost
  9944 | D:10     | Reached skill level 10 in Fighting
 10036 | Orc:1    | Entered Level 1 of the Orcish Mines
 10044 | Orc:1    | Noticed Erica
 10045 | Orc:1    | Noticed Fannar
 10060 | Orc:1    | Killed Erica
 10067 | Orc:1    | Killed Fannar
 10067 | Orc:1    | Reached skill level 15 in Axes
 10404 | Orc:2    | Entered Level 2 of the Orcish Mines
 10404 | Orc:2    | Found Enwumm's Jewellery Boutique.
 10406 | Orc:2    | Noticed an orc knight
 10407 | Orc:2    | Noticed an orc sorcerer
 10407 | Orc:2    | Noticed an orc knight
 10409 | Orc:2    | Found a staircase to the Elven Halls.
 10409 | Orc:2    | Noticed an ogre mage
 10412 | Orc:2    | Noticed an orc high priest
 10414 | Orc:2    | Noticed a two-headed ogre
 10415 | Orc:2    | Noticed a two-headed ogre
 10416 | Orc:2    | Noticed an orc sorcerer
 10417 | Orc:2    | Noticed an orc sorcerer
 10419 | Orc:2    | Killed an orc sorcerer
 10419 | Orc:2    | Killed an orc knight
 10901 | Lair:1   | Entered Level 1 of the Lair of Beasts
 10973 | Lair:1   | Reached XP level 12. HP: 108/108 MP: 11/11
 10974 | Lair:1   | Noticed an eight-headed hydra
 10991 | Lair:1   | Killed a six-headed hydra
 11512 | Lair:1   | Found a runed translucent door.
 11514 | Lair:1   | Found a shimmering altar of Xom.
 11514 | Lair:1   | Noticed robertstho's ghost (journeyman GnIE)
 11555 | Lair:1   | Noticed a seven-headed hydra
 11564 | Lair:1   | Killed a three-headed hydra
 11564 | Lair:1   | Reached skill level 1 in Long Blades
 11865 | Lair:1   | Killed robertstho's ghost
 11956 | Lair:2   | Found a staircase to the Snake Pit.
 12009 | Lair:2   | Found a staircase to the Swamp.
 12300 | Lair:2   | Reached skill level 16 in Axes
 12520 | Lair:2   | Noticed a six-headed hydra
 12528 | Lair:2   | Found a frozen archway.
 12542 | Lair:2   | Killed a four-headed hydra
 12556 | IceCv    | Entered an ice cave
 12565 | IceCv    | HP: 3/110 [death yak simulacrum (20)]
 12565 | IceCv    | Slain by a wolf spider simulacrum

Illustrated notes

Levels and vault maps discovered:
D:1:      roderic_crossed_star, layout_rooms, interstate_on_off,
          minmay_misc_feat_secret_circle, chequers_serial_rivers_micro_c
D:2:      layout_basic, lemuel_statue_altar
D:3:      layout_basic, lemuel_doored_altar
D:4:      layout_basic, minmay_goblin_kobold_house
D:5:      layout_basic, minmay_temple_entry_water_ring, uniq_grinder
D:6:      layout_rooms, serial_shops, nicolae_shop_waterfront,
          chequers_serial_rivers_micro_a, cheibrodos_worm_habitat
D:7:      layout_cave_pods
D:8:      layout_basic, lair_entry_dummy, enter_bailey_3, xom_redecorated
D:9:      layout_gridville, elyvilon_altar_4
D:10:     layout_stronghold, enter_trove_2, gammafunk_ghost_stat_death,
          nemelex_diamond_rough_becter
D:11:     layout_roguey, erik_orc_1, pond
D:12:     layout_roguey
Lair:1:   layout_loops_ring, ebering_ghost_xom
Lair:2:   layout_long_grid, nicolae_swamp_entry_splash_gauntlet,
          minmay_snake_entry_spellcaster, portal_ice_cave_demonic_guard,
          beast_lair_carwin_11, minmay_lair_oklob_chamber, lemuel_fruit_fields
Orc:1:    layout_caves, uniq_fannar, uniq_erica, uniq_maurice
Orc:2:    grunt_orc_gardens, layout_caves, grunt_orc_garden, grunt_orc_garden,
          grunt_orc_garden, grunt_orc_garden, minmay_shop_enchanted_jewellery
IceCv:    ice_cave_small_necro

Skill      XL: |  1  2  3  4  5  6  7  8  9 10 11 12 |
---------------+-------------------------------------+-----
Axes           | 4 5 6 8 10 12 13 15 16 | 16.1
Fighting       | 4 5 6 7 8 10 11 | 11.5
Armour         | 3 4 5 6 7 9 10 11 12 | 12.2
Shields        | 1 2 4 5 7 8 9 |  9.7
Dodging        | 3 |  3.5
Stealth        | 1 |  1.5
Long Blades    | 2 |  2.6

Action                   |  1- 3 |  4- 6 |  7- 9 | 10-12 || total
-------------------------+-------+-------+-------+-------++-------
Melee: Hand axe          |    52 |     7 |       |       ||    59
       Headbutt          |     7 |    12 |    54 |    76 ||   149
       War axe           |       |    34 |   288 |   421 ||   743
       Scimitar          |       |       |       |    19 ||    19
Invok: Berserk           |     1 |     2 |     4 |    13 ||    20
       Brothers in Arms  |       |       |       |     2 ||     2
       Trog's Hand       |       |       |       |     1 ||     1
  Use: Scroll            |     2 |     2 |     8 |     9 ||    21
       Potion            |       |       |     1 |     3 ||     4
 Stab: Confused          |       |       |       |     1 ||     1
       Invisible         |       |       |       |     2 ||     2
Armor: Chain mail        |    31 |    15 |    34 |       ||    80
       Animal skin       |     2 |       |       |       ||     2
       Plate armour      |       |       |   102 |   244 ||   346
Dodge: Dodged            |    27 |    12 |   129 |   166 ||   334
Block: Kite shield       |     7 |    18 |   131 |   259 ||   415
       Rpst.: Scimitar   |       |       |       |     2 ||     2

Table legend: (Time is in decaauts)
 A = Elapsed time spent in this place.
 B = Non-inter-level travel time spent in this place.
 C = Inter-level travel time spent in this place.
 D = Time resting spent in this place.
 E = Time spent auto-exploring this place.
 F = Levels seen in this place.
 G = Mean time per level.
                   A        B        C        D        E       F      G
               +--------+--------+--------+--------+--------+-----+--------+
         Total |  12761 |  12161 |    600 |    338 |   9787 |  17 |  750.6 |
       Dungeon |  10332 |   9775 |    557 |      0 |   8276 |  12 |  861.0 |
          Lair |   1660 |   1634 |     26 |      0 |   1180 |   2 |  830.0 |
  Orcish Mines |    757 |    742 |     15 |    338 |    331 |   2 |  378.5 |
      Ice Cave |     11 |     11 |      0 |      0 |      0 |   1 |   11.0 |
               +--------+--------+--------+--------+--------+-----+--------+

Top non-repeatable levels by time:
    D:11: 1387 daAuts
     D:8: 1261 daAuts
     D:7: 1095 daAuts
  Lair:1: 1058 daAuts
    D:12: 1029 daAuts
     D:9: 861 daAuts
     D:5: 848 daAuts
    D:10: 837 daAuts
     D:3: 825 daAuts
     D:6: 803 daAuts
   Orc:1: 735 daAuts
  Lair:2: 601 daAuts
     D:2: 572 daAuts
     D:1: 562 daAuts
     D:4: 248 daAuts
